 Dungeon Crawl Stone Soup version 0.29.0-4-gdea44cf6ec (webtiles) character file.

Game seed: 16968435905355651628

13601 gelatine the Spear-Bearer (level 11, -2/84 HPs)
             Began as a Demonspawn Fire Elementalist on Aug 27, 2022.
             Was a High Priest of Dithmenos.
             Slain by a naga
             ... wielding a +0 halberd
              (17 damage)
             ... on level 2 of the Lair of Beasts.
             The game lasted 00:54:02 (12194 turns).

gelatine the Spear-Bearer (DsFE)                   Turns: 12194, Time: 00:54:03

Health: -2/84      AC: 23    Str: 10    XL:     11   Next: 77%
Magic:  19/20      EV: 14    Int: 20    God:    Dithmenos [*****.]
Gold:   453        SH:  0    Dex: 13    Spells: 8/22 levels left

rFire   . . .      SeeInvis +   j - +5 trident of Doom {freeze, rN+ rCorr}
rCold   . . .      Faith    .   (no shield)
rNeg    + + .      Spirit   .   L - +11 Cigotuvi's embrace {rMiasma Drain rN+}
rPois   .          Reflect  .   m - +2 hood of the Assassin {Detection Stab+ Stlth++}
rElec   .          Harm     .   D - +1 cloak
rCorr   +          Rampage  .   (no gloves)
Will    .....                   p - +1 pair of boots
Stlth   +++++++++.              (no amulet)
HPRegen 0.24/turn               c - ring of see invisible
MPRegen 0.17/turn               v - ring of wizardry

@: wereblooded, wreathed by umbra
A: demonic guardian 2, powered by death 2, sharp scales 3
a: Renounce Religion, Shadow Step, Shadow Form


You were on level 2 of the Lair of Beasts.
You worshipped Dithmenos.
Dithmenos was extremely pleased with you.
You visited 4 branches of the dungeon, and saw 15 of its levels.

You collected 977 gold pieces.
You spent 524 gold pieces at shops.

Inventory:

Hand Weapons
 j - the +5 trident of Doom (weapon) {freeze, rN+ rCorr}
   (You found it on level 2 of the Dungeon)

   It freezes those it strikes, dealing additional cold damage.
   It can also slow down cold-blooded creatures.
   rN:        It protects you from negative energy.
   rCorr:     It protects you from acid and corrosion.
 G - a +4 long sword
Missiles
 k - 23 poisoned darts
 u - 2 atropa-tipped darts
 w - 2 throwing nets
 y - 6 curare-tipped darts
 A - 3 boomerangs
Armour
 m - the +2 hood of the Assassin (worn) {Detection Stab+ Stlth++}
   (You acquired it on level 3 of the Dungeon)

   It allows the wearer to sense nearby creatures.
   It allows the wearer to make particularly effective stabbing attacks against
   helpless or unaware enemies with any weapon.
   Stlth:     It makes you much more stealthy.
 p - a +1 pair of boots (worn)
 D - a +1 cloak (worn)
 K - +0 acid dragon scales
 L - the +11 Cigotuvi's embrace (worn) {rMiasma Drain rN+}
   (You bought it in a shop on level 9 of the Dungeon)

   It gathers nearby corpses to temporarily increase the armour it provides.
   It protects you from foul pestilence.
   rN:        It protects you from negative energy.
   Drain:     It drains your maximum health when unequipped.
 M - a +0 robe of cold resistance
Jewellery
 c - a ring of see invisible (left hand)
 v - a ring of wizardry (right hand)
 E - a ring of flight
Wands
 r - a wand of paralysis (4)
 I - a wand of iceblast (4)
 N - a wand of mindburst (4)
Scrolls
 f - 3 scrolls of blinking
 g - a scroll of butterflies
 h - 4 scrolls of teleportation
 l - a scroll of magic mapping
 q - a scroll of summoning
 s - 3 scrolls of enchant weapon
 t - 3 scrolls of silence
 B - a scroll of poison
 F - a scroll of vulnerability
 J - a scroll of immolation
 O - 3 scrolls of amnesia {unknown}
Potions
 a - a potion of resistance {unknown}
 b - 3 potions of magic
 d - a potion of flight
 e - a potion of brilliance
 i - 11 potions of curing
 o - a potion of ambrosia {unknown}
 x - 2 potions of cancellation
 z - 3 potions of might
 C - a potion of invisibility {unknown}
 H - 4 potions of haste


   Skills:
 * Level 7.1 Fighting
 + Level 8.5 Polearms
 + Level 3.1 Armour
 + Level 6.7 Dodging
 + Level 8.4 Stealth
 + Level 6.0 Spellcasting
 + Level 4.2 Conjurations
 + Level 1.3 Transmutations
 + Level 5.7 Fire Magic
 + Level 0.4 Air Magic
 + Level 1.0 Earth Magic
 * Level 2.6 Invocations
 + Level 0.5 Evocations


You had 8 spell levels left.
You knew the following spells:

 Your Spells              Type           Power      Damage    Failure   Level
a - Foxfire               Conj/Fire      100%       2x1d9     1%          1
b - Scorch                Fire           58%        2d8       1%          2
c - Flame Wave            Conj/Fire      25%        2d8       8%          4
d - Wereblood             Tmut           11%        N/A       4%          2
e - Static Discharge      Conj/Air       15%        3-5/arc   3%          2
f - Stone Arrow           Conj/Erth      32%        3d9       6%          3

Your spell library contained the following spells:

 Spells                   Type           Power      Damage    Failure   Level
 Conjure Flame            Conj/Fire      25%        6-21      2%          3
 Beastly Appendage        Tmut           22%        N/A       3%          1
 Sandblast                Erth           20%        2d7       3%          1
 Passwall                 Tmut/Erth      8%         N/A       5%          2
 Inner Flame              Hex/Fire       17%        N/A       5%          3
 Ignite Poison            Fire/Tmut/Pois 15%        N/A       6%          3
 Dazzling Flash           Conj/Hex       28%        N/A       7%          3
 Sticky Flame             Conj/Fire      25%        2d5       8%          4
 Ensorcelled Hibernation  Hex/Ice        12%        N/A       9%          2
 Sublimation of Blood     Necr           6%         N/A       9%          2
 Mephitic Cloud           Conj/Pois/Air  12%        N/A       9%          3
 Spider Form              Tmut/Pois      8%         N/A       12%         3
 Swiftness                Air            7%         N/A       14%         3
 Iskenderun's Battlesphe  Conj           22%        2d8       26%         5
 Dispel Undead            Necr           6%         3d8       45%         4
 Freezing Cloud           Conj/Ice/Air   6%         6-21      58%         5
 Silence                  Hex/Air        3%         N/A       77%         5
 Agony                    Necr           6%         N/A       80%         5
 Iron Shot                Conj/Erth      8%         9d3       94%         6
 Spellforged Servitor     Conj/Summ      7%         N/A       100%        7
 Summon Hydra             Summ           3%         N/A       100%        7


Dungeon Overview and Level Annotations

Branches:
Dungeon (10/15)            Temple (1/1) D:6            Lair (2/5) D:10
  Snake (0/4) Lair:2          Orc (2/2) D:9
  Swamp: Lair:2-3    Shoals: Lair:2-3       Elf: Orc:2

Altars:
Ashenzari
Cheibriados
Dithmenos
Fedhas
Gozag
Hepliaklqana
Kikubaaqudgha
Makhleb
Nemelex Xobeh
Okawaru
Qazlal
Ru
Sif Muna
Trog
Uskayaw
Vehumet
Wu Jian
Xom
Yredelemnul

Shops:
D:3 !?!(   D:7 *   D:8 [   D:9 [   Orc:2 (

Annotations:
D:5 3 runed translucent doors, NinjaNoafa's ghost, novice HOMo


Innate Abilities, Weirdness & Mutations

A demonic guardian rushes to your aid.
You regenerate health from kills.
You are completely covered in razor-sharp scales. (AC +3, Slay +3)


Message History

* * * LOW HITPOINT WARNING * * *
The blink frog blinks!
You have turned to stone.
The blink frog hits you but does no damage.
Something barely misses your rust devil.
The naga spits poison at you.
The splash of poison hits your rust devil but does no damage.
The blink frog hits you but does no damage.
Something hits your rust devil!
Something barely misses your rust devil.
The blink frog blinks!
The naga hits you from afar with a +0 halberd.
* * * LOW HITPOINT WARNING * * *
The naga hits your rust devil with a +0 mace.
The naga grabs your rust devil. The naga constricts your rust devil.
Something hits your rust devil. The blink frog hits your rust devil!
Something hits your rust devil.
Your rust devil barely misses the naga.
The naga spits poison at you.
The splash of poison hits your rust devil but does no damage.
Something hits your rust devil.
The naga hits your rust devil with a +0 mace!
Your rust devil dies!
Your rust devil disappears in a puff of smoke!
A chunk of your corpse armour falls away.
The naga hits you but does no damage.
The blink frog blinks!
The blink frog hits you.
* * * LOW HITPOINT WARNING * * *
The blink frog blinks!
The naga barely misses you. The blink frog completely misses you.
The naga hits you but does no damage. The blink frog hits you.
* * * LOW HITPOINT WARNING * * *
The blink frog hits you but does no damage.
The naga hits you from afar with a +0 halberd!
* * * LOW HITPOINT WARNING * * *
A demonic guardian appears!
You turn to flesh and can move again.
You puncture the blink frog! You freeze the blink frog.
The blink frog is heavily wounded.
The blink frog hits you but does no damage.
The naga hits you from afar with a +0 halberd!
You die...

.... #.....P..###.#.. ...
#.P.........#.. .###.#####
#...)..........
......#.P###.#............
................P.P.#..P..
##........................
.P.#....PP.####.##........
...~....'........#........
~~~~~..F#@4.......>.......
~~~~~~FNF##....##P......#.
~.~.~~~4N{............#.8.
~~...~~~............##....
......~~...........##.....
..>.~.~~..........#...)...
.....~~~.......P.##.......
....~~~~........# ..##...
#.8.


You could see 2 blink frogs, 2 nagas and 2 friendly rust devils.

Vanquished Creatures
  An ogre mage (Orc:1)
  A two-headed ogre (Orc:1)
  Nergalle (D:10)
  An orc sorcerer (Orc:1)
  A rime drake (Lair:2)
  3 cane toads
  3 trolls
  A hornet (D:8)
  2 dream sheep (D:9)
  2 wyverns
  2 basilisks (Lair:2)
  7 yaks
  2 wraiths
  A steam dragon (D:7)
  An acid dragon (D:10)
  5 water moccasins
  8 orc warriors
  2 black bears
  2 ice beasts
  2 sky beasts (D:7)
  An ogre (D:6)
  6 wolves (Lair:2)
  2 centaurs
  3 phantoms
  2 kobold brigands
  9 bullfrogs
  A gnoll sergeant (D:6)
  A necrophage (D:6)
  4 scorpions
  4 wights (D:8)
  6 killer bees (D:9)
  10 orc priests
  2 hounds (D:5)
  2 jellies
  A gnoll bouda (D:7)
  2 iguanas
  10 orc wizards
  11 gnolls
  8 adders
  3 white imps
  An ufetubus (D:6)
  3 worms
  A dart slug (D:1)
  44 orcs
  6 endoplasms
  3 giant cockroaches
  5 hobgoblins
  6 jackals
  5 quokkas
  8 ball pythons
  2 bats
  6 frilled lizards
  3 goblins
  14 kobolds
  7 rats
250 creatures vanquished.

Vanquished Creatures (collateral kills)
  A two-headed ogre (Orc:1)
  An orc knight (Orc:1)
  A komodo dragon (Lair:2)
  A troll (Orc:1)
  Grinder (D:3)
  An orc warrior (Orc:1)
  2 ogres (Orc:1)
  An orc (Orc:1)
  2 jackals (D:1)
  A foxfire (D:1)
12 creatures vanquished.

Vanquished Creatures (others)
  3 dream sheep (D:9)
  A shadow (D:10)
  322 foxfires
  4 fungi (Lair:2)
  11 plants
341 creatures vanquished.

Grand Total: 603 creatures vanquished

Notes
Turn   | Place    | Note
-------+----------+-------------------------------------------
     0 | D:1      | gelatine the Demonspawn Fire Elementalist began the quest
                  | for the Orb.
     0 | D:1      | Reached XP level 1. HP: 13/13 MP: 3/3
   303 | D:1      | Gained mutation: A weak demonic guardian rushes to your
                  | aid. [demonic ancestry]
   303 | D:1      | Reached XP level 2. HP: 19/19 MP: 0/5
  1038 | D:1      | Gained mutation: You are partially covered in razor-sharp
                  | scales. (AC +1, Slay +1) [demonic ancestry]
  1038 | D:1      | Reached XP level 3. HP: 20/24 MP: 0/6
  1576 | D:2      | Identified the +5 trident of Doom {freeze, rN+ rCorr}
  2518 | D:3      | Found a shimmering blue altar of Sif Muna.
  2531 | D:3      | Found Antotrisse's Weapon Shop.
  2689 | D:3      | Found a faded altar of an unknown god.
  2693 | D:3      | Prayed at the altar of an unknown god.
  2693 | D:3      | Became a worshipper of Dithmenos the Shadowed
  2693 | D:3      | Reached * piety under Dithmenos
  2756 | D:3      | Found Huatoewi's Distillery.
  2761 | D:3      | Bought 2 potions of heal wounds for 110 gold pieces
  2764 | D:3      | Identified a scroll of acquirement
  2854 | D:3      | Found Haze's Magic Scroll Shoppe.
  2867 | D:3      | Gained mutation: You regenerate a little health from kills.
                  | [demonic ancestry]
  2867 | D:3      | Reached XP level 4. HP: 15/31 MP: 0/7
  2867 | D:3      | Noticed a phantom
  3114 | D:3      | Found Turghas's Distillery.
  3196 | D:3      | Learned a level 2 spell: Scorch
  3201 | D:3      | Learned a level 4 spell: Flame Wave
  3211 | D:3      | Noticed Grinder
  3236 | D:3      | Reached skill level 1 in Fighting
  3248 | D:3      | Paralysed by Grinder for 2 turns
  3256 | D:3      | Killed Grinder
  3257 | D:3      | Reached skill level 1 in Polearms
  3257 | D:3      | Gained mutation: A demonic guardian rushes to your aid.
                  | [demonic ancestry]
  3257 | D:3      | Reached XP level 5. HP: 28/38 MP: 3/10
  3257 | D:3      | Gained mutation: You are mostly covered in razor-sharp
                  | scales. (AC +2, Slay +2) [demonic ancestry]
  3257 | D:3      | Reached XP level 6. HP: 33/44 MP: 3/11
  3941 | D:4      | Found a hazy altar of Hepliaklqana.
  4086 | D:4      | Reached ** piety under Dithmenos
  4087 | D:4      | Reached XP level 7. HP: 51/51 MP: 5/12
  4276 | D:4      | Acquired the +2 hood of the Assassin {Detection Stab+
                  | Stlth++}
  4276 | D:4      | Found the +2 hood of the Assassin {Detection Stab+ Stlth++}
  4815 | D:5      | Entered Level 5 of the Dungeon
  4816 | D:5      | You fall into a shaft and drop 2 floors!
  4821 | D:7      | Found Lybin's CLEARANCE SALE!.
  5332 | D:5      | Found a sacrificial altar of Ru.
  5533 | D:5      | Found a runed translucent gate.
  5535 | D:5      | Noticed NinjaNoafa's ghost (novice HOMo)
  5536 | D:5      | Found a runed translucent gate.
  5536 | D:5      | Found a runed translucent gate.
  5540 | D:5      | Identified the +9 dagger of Discord {holy, rN+}
  5541 | D:5      | Identified the +14 plate armour of Keteept {rCorr}
  5557 | D:5      | Gained mutation: You are completely covered in razor-sharp
                  | scales. (AC +3, Slay +3) [demonic ancestry]
  5557 | D:5      | Reached XP level 8. HP: 58/58 MP: 14/14
  5908 | D:5      | Learned a level 2 spell: Wereblood
  6532 | D:6      | Reached *** piety under Dithmenos
  6876 | D:6      | Reached skill level 5 in Stealth
  6962 | D:6      | Found an iron altar of Okawaru.
  7052 | D:6      | Found a staircase to the Ecumenical Temple.
  7062 | Temple   | Entered the Ecumenical Temple
  7519 | D:7      | Gained mutation: You regenerate health from kills. [demonic
                  | ancestry]
  7519 | D:7      | Reached XP level 9. HP: 65/65 MP: 15/15
  7563 | D:7      | Reached skill level 5 in Fire Magic
  7911 | D:7      | Reached skill level 5 in Polearms
  8726 | D:8      | Found Zeonys's Antique Armour Shop.
  8769 | D:8      | Found a stormy altar of Qazlal.
  8788 | D:8      | Reached skill level 5 in Spellcasting
  9264 | D:9      | Found Bew Ihymm's Armour Emporium.
  9265 | D:9      | Found a staircase to the Orcish Mines.
  9272 | D:9      | Reached **** piety under Dithmenos
  9399 | D:9      | Bought the +4 Cigotuvi's embrace {rMiasma Drain rN+} for
                  | 414 gold pieces
  9399 | D:9      | Found the +4 Cigotuvi's embrace {rMiasma Drain rN+}
  9558 | D:9      | Reached XP level 10. HP: 72/73 MP: 4/18
  9822 | D:9      | Found a shimmering altar of Xom.
  9827 | D:9      | Reached skill level 5 in Fighting
  9993 | D:10     | Entered Level 10 of the Dungeon
 10087 | Orc:1    | Entered Level 1 of the Orcish Mines
 10104 | Orc:1    | Reached skill level 1 in Transmutations
 10114 | Orc:1    | Noticed an orc sorcerer
 10131 | Orc:1    | Reached skill level 5 in Dodging
 10131 | Orc:1    | Killed an orc sorcerer
 10132 | Orc:1    | Reached skill level 1 in Armour
 10153 | Orc:1    | Reached ***** piety under Dithmenos
 10171 | Orc:1    | Noticed a two-headed ogre
 10186 | Orc:1    | Killed a two-headed ogre
 10202 | Orc:1    | Noticed a two-headed ogre
 10203 | Orc:1    | Noticed an orc knight
 10209 | Orc:1    | Noticed an ogre mage
 10233 | Orc:1    | Killed a two-headed ogre
 10237 | Orc:1    | Killed an orc knight
 10238 | Orc:1    | Reached XP level 11. HP: 53/81 MP: 4/19
 10244 | Orc:1    | Killed an ogre mage
 10515 | Orc:2    | Entered Level 2 of the Orcish Mines
 10515 | Orc:2    | Noticed an orc sorcerer
 10516 | Orc:2    | Found Hoiclyuq's Antique Weapon Emporium.
 10516 | Orc:2    | Noticed an ettin
 10672 | D:10     | Noticed Nergalle
 10745 | D:10     | Killed Nergalle
 11047 | D:10     | Found a staircase to the Lair.
 11391 | Lair:1   | Entered Level 1 of the Lair of Beasts
 11972 | Lair:1   | Learned a level 2 spell: Static Discharge
 11976 | Lair:1   | Learned a level 3 spell: Stone Arrow
 11988 | Lair:2   | Reached skill level 1 in Invocations
 12058 | Lair:2   | Reached skill level 1 in Earth Magic
 12161 | Lair:2   | Found a staircase to the Snake Pit.
 12194 | Lair:2   | Slain by a naga

Illustrated notes

Levels and vault maps discovered:
D:1:      dpeg_arrival_round_b, layout_basic, amcnicky_mini_corridor_feature,
          nicolae_grassy_gnolls
D:2:      wander_river, layout_loops_cross, minivault_14, st_stairs_11
D:3:      minmay_chambers_of_twos, layout_rooms, mainiacjoe_overflow_alcove_1,
          serial_shops, shop, nicolae_square_shop, shop,
          nicolae_shop_window_shopping, nicolae_ecumenical_lake_church,
          hangedman_decor_opposing, kennysheep_generic_room_10, uniq_grinder
D:4:      layout_loops_ring, mainiacjoe_overflow_concentric_impassable
D:5:      layout_loops_ring, mainiacjoe_overflow_small_starburst,
          kennysheep_little_box, biasface_ghost_orc_armoury
D:6:      layout_cave_pods, okawaru_gym_becter, lemuel_temple_firewalk_b
D:7:      layout_basic, eino_tiny_chamber, minivault_11,
          hangedman_abyss_or_decor_slice, kennysheep_nub, nicolae_shop_clearance
D:8:      layout_basic, mainiacjoe_overflow_24_doors, serial_shops,
          nicolae_shop_hallway_plus
D:9:      layout_loops_ring, kb_xom_exploding_sheep, orc_david_3
D:10:     layout_long_grid, lair_entry_dummy, uniq_nergalle
Temple:   hellmonk_temple_two_chambers
Lair:1:   layout_long_grid
Lair:2:   layout_chaotic_city, guppyfry_snake_entry_island, beast_lair_carwin_2,
          grunt_megastairs_5
Orc:1:    layout_caves
Orc:2:    grunt_orc_gardens, layout_diamond_mine, grunt_orc_garden,
          grunt_orc_garden, grunt_orc_garden, grunt_orc_garden,
          minmay_shop_mass, nicolae_shop_overcharged_wands

Skill      XL: |  1  2  3  4  5  6  7  8  9 10 11 |
---------------+----------------------------------+-----
Fire Magic     | 3 4 5 |  5.7
Dodging        | 2 3 4 6 |  6.7
Fighting       | 2 3 4 6 7 |  7.1
Polearms       | 1 3 4 5 7 8 |  8.5
Stealth        | 2 3 5 6 7 8 |  8.4
Spellcasting   | 3 4 5 6 |  6.0
Conjurations   | 2 3 4 |  4.2
Transmutations | 1 |  1.3
Armour         | 2 3 |  3.1
Invocations    | 2 |  2.6
Earth Magic    | 1 |  1.0
Air Magic      | |  0.4
Evocations     | |  0.5

Action                   |  1- 3 |  4- 6 |  7- 9 | 10-12 || total
-------------------------+-------+-------+-------+-------++-------
Melee: Trident           |    25 |    38 |   157 |   254 ||   474
       Punch             |       |       |     3 |     2 ||     5
Throw: Dart              |       |       |     1 |       ||     1
 Cast: Foxfire           |    87 |    28 |    76 |     4 ||   195
       Scorch            |       |    13 |    21 |     4 ||    38
       Wereblood         |       |       |     4 |     9 ||    13
       Flame Wave        |       |       |     7 |     5 ||    12
       Static Discharge  |       |       |       |     2 ||     2
Evoke: Wand              |       |       |       |     2 ||     2
  Use: Scroll            |     5 |     1 |     7 |     8 ||    21
       Potion            |       |     1 |       |     7 ||     8
 Stab: Sleeping          |       |     4 |    24 |     8 ||    36
Armor: Robe              |     5 |    11 |    44 |       ||    60
       Leather armour    |       |       |     4 |   226 ||   230
Dodge: Dodged            |    43 |    12 |   121 |   299 ||   475
